 Dungeon Crawl Stone Soup version 0.21.1-1-g345015f (webtiles) character file.

317 kae the Insei (level 6, 0/41 HPs)
             Began as an Octopode Transmuter on May 27, 2018.
             Slain by Grinder (4 damage)
             ... while paralysed by Grinder
             ... on level 3 of the Dungeon.
             The game lasted 00:02:42 (2347 turns).

kae the Insei (Octopode Transmuter)                 Turns: 2347, Time: 00:02:42

Health: 0/41       AC:  2    Str: 15    XL:     6   Next: 45%
Magic:  9/10       EV:  5    Int: 20    God:
Gold:   246        SH:  0    Dex: 21    Spells: 4/10 levels left

rFire    . . .     SeeInvis .     - Unarmed
rCold    . . .     Gourm    .   (shield currently unavailable)
rNeg     . . .     Faith    .   (helmet currently unavailable)
rPois    x         Spirit   .   (no amulet)
rElec    .         Reflect  .   j - +2 ring of dexterity
rCorr    .         Harm     .   (no ring)
MR       +....     Rnd*Rage +   (no ring)
Stlth    ++........             (no ring)
HPRegen  0.13/turn              (no ring)
MPRegen  0.12/turn              (no ring)
                                (no ring)
                                (no ring)

@: paralysed, mighty, brilliant, spider-form (expiring), hasted
A: tiny, almost no armour, stealthy swim, (amphibious), 8 rings, (constrict 8),
berserk 1, magic resistance 1, screaming 1
a: End Transformation


You were on level 3 of the Dungeon.
You were hungry.
You were a venomous arachnid creature.
You visited 1 branch of the dungeon, and saw 3 of its levels.

You collected 246 gold pieces.

Inventory:

Missiles
 a - 48 arrows
Jewellery
 j - a +2 ring of dexterity (left front leg)
 o - an uncursed amulet of magic regeneration {unknown}
 t - an uncursed amulet of the gourmand {unknown}
Scrolls
 d - 2 scrolls of remove curse {unknown}
 f - 2 scrolls of identify {unknown}
 h - a scroll of amnesia {unknown}
 i - a scroll of immolation {unknown}
 l - a scroll of enchant armour {unknown}
 m - 2 scrolls of teleportation {unknown}
 q - a scroll of fog {unknown}
Potions
 g - 2 potions of haste
 k - a potion of mutation
 p - a potion of flight {unknown}
 r - a potion of cancellation {unknown}
 s - 2 potions of curing {unknown}
 u - a potion of heal wounds {unknown}
Books
 b - a book of Changes

   Spells                             Type                      Level
   a - Beastly Appendage              Transmutation                1
   b - Sticks to Snakes               Transmutation                2
   c - Spider Form                    Transmutation/Poison         3
   d - Ice Form                       Ice/Transmutation            4
   e - Blade Hands                    Transmutation                5
 v - a book of Minor Magic

   Spells                             Type                      Level
   a - Magic Dart                     Conjuration                  1
   b - Blink                          Translocation                2
   c - Call Imp                       Summoning                    2
   d - Slow                           Hexes                        2
   e - Conjure Flame                  Conjuration/Fire             3
   f - Mephitic Cloud                 Conjuration/Poison/Air       3
Comestibles
 c - 8 rations


   Skills:
 + Level 2.4 Fighting
 + Level 3.0 Dodging
 * Level 4.5 Unarmed Combat
 + Level 2.9 Spellcasting
 * Level 3.8 Transmutations


You had 4 spell levels left.
You knew the following spells:

 Your Spells              Type           Power        Failure   Level  Hunger
a - Beastly Appendage     Tmut           ####..       1%          1    None
b - Sticks to Snakes      Tmut           ####....     1%          2    ##.....
c - Spider Form           Tmut/Pois      ###.......   5%          3    ###....


Dungeon Overview and Level Annotations

Branches:
Dungeon (3/15)

Altars:
Ashenzari
Kikubaaqudgha

Annotations:
D:3 Grinder


Innate Abilities, Weirdness & Mutations

You cannot wear most types of armour.
You are very stealthy in the water. (Stealth+)
((You are amphibious.))
You can wear up to eight rings at the same time.
((You can use your tentacles to constrict eight enemies at once.))
((Your skin changes colour to match your surroundings (Stealth+).))
((Your rubbery body absorbs attacks. (AC +1, EV +1)))
You tend to lose your temper in combat.
You are resistant to hostile enchantments. (MR+)
You occasionally shout uncontrollably at your foes.


Message History

You feel very mighty all of a sudden.
It was a potion of mutation.
You feel extremely strange.
You feel the urge to shout.
You feel a little pissed off.
You feel resistant to hostile enchantments.
Your transformation is almost over.
It was a potion of brilliance.
You feel clever all of a sudden. Grinder gestures at you.
You suddenly lose the ability to move!
Grinder gestures at you. Pain shoots through your body!
* * * LOW HITPOINT WARNING * * *
Grinder says, "Just stop there for a second..."
Grinder hits you but does no damage. Grinder gestures at you.
You resist with almost no effort. Grinder hits you.
* * * LOW HITPOINT WARNING * * *
You writhe in agony.
You die...

#...#####...#######..≈≈≈≈≈≈≈≈≈
#...#...'...# ...≈≈≈≈≈≈≈≈≈≈
##'##.###...# ....≈≈≈≈≈≈≈≈≈≈
#.##.# #...# ......≈≈≈.♣≈≈≈
##.##.###...# ...≈≈≈≈._.≈≈
#.......#...# 5..≈≈≈≈≈.≈≈≈
#...........######..≈≈≈≈≈≈≈≈≈≈
#.............5)....≈≈≈≈≈≈≈≈≈≈
#.......##...s##...#≈≈≈≈≈≈≈≈≈≈
#.......##....# ...#..≈≈.≈..≈≈
########........## ...#≈≈≈..≈....
#......'........# ####..........
#.######........# #............
#_..............# #.....####...
###.............#####.....#######
#.......#........##.......# #.
#.#######........##.......####.


You could see Grinder.

Vanquished Creatures
  A bullfrog (D:3)
  A scorpion (D:3)
  An orc priest (D:3)
  An orc wizard (D:3)
  A worker ant (D:3)
  3 adders
  An ooze (D:3)
  3 dart slugs
  2 leopard geckos
  7 orcs (D:3)
  7 bats
  4 giant cockroaches
  13 goblins
  7 hobgoblins
  15 kobolds
  3 ball pythons
  6 frilled lizards
  7 rats
83 creatures vanquished.

Notes
Turn   | Place    | Note
-------+----------+-------------------------------------------
     0 | D:1      | kae the Octopode Transmuter began the quest for the Orb.
     0 | D:1      | Reached XP level 1. HP: 13/13 MP: 3/3
    58 | D:1      | Reached XP level 2. HP: 14/18 MP: 5/5
   205 | D:1      | Found a shattered altar of Ashenzari.
   393 | D:1      | Reached XP level 3. HP: 20/23 MP: 4/6
  1081 | D:2      | Reached XP level 4. HP: 21/29 MP: 7/7
  1326 | D:3      | Learned a level 2 spell: Sticks to Snakes
  1353 | D:3      | Learned a level 3 spell: Spider Form
  1520 | D:3      | Reached XP level 5. HP: 22/34 MP: 6/8
  1597 | D:3      | Reached skill level 4 in Unarmed Combat
  1643 | D:3      | Reached XP level 6. HP: 30/41 MP: 10/10
  1979 | D:3      | Found a faded altar of an unknown god.
  1987 | D:3      | Noticed Grinder
  2058 | D:3      | Found an ancient bone altar of Kikubaaqudgha.
  2341 | D:3      | Gained mutation: You occasionally shout uncontrollably at your foes. [potion of mutation]
  2341 | D:3      | Gained mutation: You tend to lose your temper in combat. [potion of mutation]
  2341 | D:3      | Gained mutation: You are resistant to hostile enchantments. (MR+) [potion of mutation]
  2343 | D:3      | Paralysed by Grinder for 4 turns
  2347 | D:3      | Slain by Grinder

Skill      XL: |  1  2  3  4  5  6 |
---------------+-------------------+-----
Transmutations | 3 |  3.8
Fighting       | 2 |  2.4
Unarmed Combat | 4 |  4.5
Dodging        | 3 |  3.0
Spellcasting   | |  2.9

Action                   |  1- 3 |  4- 6 || total
-------------------------+-------+-------++-------
Melee: Unarmed           |    84 |    87 ||   171
       Constrict         |    24 |    16 ||    40
       Kick              |    12 |     4 ||    16
       Punch             |     5 |     2 ||     7
       Tentacles         |    13 |     9 ||    22
 Cast: Beastly Appendage |    11 |     6 ||    17
       Spider Form       |       |     6 ||     6
  Use: Potion            |       |     4 ||     4
 Stab: Sleeping          |     6 |     2 ||     8
  Eat: Chunk             |     1 |     4 ||     5
Armor: Skin              |     6 |     7 ||    13
Dodge: Dodged            |    51 |    62 ||   113
